cohdb
Replays
Latest Replays
All Replays
Popular Replays
Top Player Replays
Match Explorer
How It Works
Community
CoH3 Stats
Reddit
Sign in to upload your games and track your stats! →
Sign in with Steam
Match 43686255
Unlisted
Match 43686255
Overview
Messages
Build Orders
End
Selects Heavy Armor Battlegroup
Construct Section Command Post
Dingo Light Scout Car
Infantry Section
Grenade Package
Infantry Section
Construct Platoon Command Post
Selects Rigorous Vehicle Training
Selects Light Vehicle Withdraw and Refit
Humber Armored Car
Infantry Section
6-pounder Anti-tank Gun Team
Construct Field Infirmary
Infantry Training
Selects UNKNOWN (202330)
Selects Forward Repair Assembly
Infantry Section
Tomoclan
Ghost
[KMLT]Sorceleur
UH|ck
insane
iceman
0
0
Comments
sign in to comment!
No comments posted yet!